 Dungeon Crawl Stone Soup version 0.16.2-12-gd0ad4c3 (webtiles) character file.

608 Peloso the Shield-Bearer (level 7, -2/62 HPs)
             Began as a Minotaur Fighter on Oct 3, 2015.
             Slain by Duvessa
             ... wielding a +0 short sword
              (12 damage)
             ... on level 4 of the Dungeon.
             The game lasted 00:07:16 (2705 turns).

Peloso the Shield-Bearer (Minotaur Fighter)         Turns: 2705, Time: 00:07:16

Health: -2/62      AC: 11    Str: 21    XL:     7   Next: 19%
Magic:  0/3        EV:  7    Int:  5    God:
Gold:   189        SH: 10    Dex: 11    Spells: 0 memorised, 6 levels left

rFire  . . .     SeeInvis .     a - +0 long sword
rCold  . . .     Clarity  .     m - +0 chain mail
rNeg   . . .     SustAb   .     c - +0 shield
rPois  .         Gourm    .     k - +1 hat
rElec  .         Spirit   +     (no cloak)
rCorr  .         Warding  .     (no gloves)
rMut   .         Stasis   .     (no boots)
MR     .....                    i - amulet of guardian spirit
Stlth  ..........               (no ring)
                                r - ring of flight

@: lethally poisoned (-2 -> -3), not resistant to hostile enchantments,
extremely unstealthy
A: retaliatory headbutt, horns 2
a: Evoke Flight


You were on level 4 of the Dungeon.
You were not hungry.

You visited 1 branch of the dungeon, and saw 4 of its levels.

You collected 189 gold pieces.

Inventory:

Hand weapons
 a - a +0 long sword (weapon)
 g - a +0 whip of venom
Armour
 b - a +0 scale mail
 c - a +0 shield (worn)
 k - a +1 hat (worn)
 m - a +0 chain mail (worn)
Jewellery
 i - an amulet of guardian spirit (around neck)
 q - an uncursed amulet of warding
 r - a ring of flight (left hand)
Scrolls
 f - a scroll of identify
 h - 3 scrolls of remove curse
 l - 2 scrolls of random uselessness
 p - a scroll of recharging {unknown}
Potions
 e - a potion of might
 s - a potion of resistance {unknown}
Books
 n - a book of Enchantments

   Spells                             Type                      Level
   a - Tukima's Dance                 Hexes                        3
   b - Cause Fear                     Hexes                        4
   c - Silence                        Hexes/Air                    5
   d - Deflect Missiles               Charms/Air                   6
   e - Haste                          Charms                       6
   f - Discord                        Hexes                        8
Comestibles
 d - 3 bread rations
 j - 3 meat rations
 o - 6 chunks of flesh


   Skills:
 + Level 5.7 Fighting
 + Level 4.2 Long Blades
 + Level 5.5 Armour
 + Level 2.5 Dodging
 + Level 0.1 Stealth
 + Level 6.2 Shields


You had 6 spell levels left.
You didn't know any spells.

Dungeon Overview and Level Annotations

Branches:
Dungeon (4/15)
 Temple: D:4-7

Altars:
Cheibriados
Dithmenos
Gozag
Nemelex Xobeh

Annotations:
D:4 Duvessa


Innate Abilities, Weirdness & Mutations

You reflexively headbutt those who attack you in melee.
You have a pair of horns on your head.


Message History

You feel sick. You block Duvessa's attack. Duvessa barely misses you.
Your shield and chain mail prevent you from hitting Duvessa.
You headbutt Duvessa!
Duvessa is severely wounded.
You feel sick. You block Duvessa's attack.
You closely miss Duvessa.
Duvessa is severely wounded.
Duvessa hits you but does no damage. Duvessa barely misses you.
You hit Duvessa. Your headbutt misses Duvessa.
Duvessa is severely wounded.
You block Duvessa's attack.
Your shield and chain mail prevent you from hitting Duvessa.
Duvessa is severely wounded.
You feel sick. Duvessa hits you but does no damage. You block Duvessa's attack.
You hit Duvessa.
Duvessa is severely wounded.
Duvessa hits you with a short sword.
* * * LOW HITPOINT WARNING * * *
Duvessa hits you with a short sword!
You die...

#.. #.# #.. . # #.# #.. ...
##.####.# #.. .. ..........
###.###.. ####._..# ..?..#.
#......# # ..... #....#.# #
#.#.#.# #...##.#
####.#.#.#@+ +...+..#
..........e# #...#..#
#.##.#.....##+###+##...#..#
###...)....e..+...#..#
##.)######.##...#...
#..$..# #..'....#.# #.##...
####....#.# # ##.#+
#....... ... ###..#.#


You could see Duvessa (berserk).

Vanquished Creatures
  The ghost of Musteatbrain the Conjurer, an average DsWz (D:3)
  A phantom (D:4)
  An ogre (D:4)
  Dowan (D:4)
  2 orc wizards
  Ijyb (D:3)
  A worker ant zombie (D:3)
  5 adders
  A giant mite (D:3)
  3 worms (D:2)
  An ooze (D:2)
  14 orcs
  2 giant cockroaches
  7 goblins
  7 hobgoblins
  5 kobolds
  2 quokkas
  A ball python (D:3)
  4 bats
  2 giant newts
  3 jackals (D:2)
  7 rats
72 creatures vanquished.

Notes
Turn   | Place    | Note
--------------------------------------------------------------
     0 | D:1      | Peloso, the Minotaur Fighter, began the quest for the Orb.
     0 | D:1      | Reached XP level 1. HP: 19/19 MP: 1/1
   221 | D:1      | Reached skill level 4 in Fighting
   292 | D:1      | Reached XP level 2. HP: 27/27 MP: 1/1
   803 | D:2      | Found a sparkling altar of Nemelex Xobeh.
   804 | D:2      | Found an opulent altar of Gozag.
   833 | D:2      | Reached XP level 3. HP: 31/33 MP: 2/2
  1022 | D:2      | Reached skill level 1 in Dodging
  1099 | D:2      | Reached XP level 4. HP: 15/41 MP: 2/2
  1386 | D:3      | Noticed Ijyb
  1402 | D:3      | Killed Ijyb
  1592 | D:3      | Reached skill level 5 in Fighting
  1592 | D:3      | Reached XP level 5. HP: 25/48 MP: 2/2
  1798 | D:3      | Noticed Musteatbrain's ghost (average DsWz)
  2060 | D:3      | Killed Musteatbrain's ghost
  2060 | D:3      | Reached skill level 5 in Shields
  2060 | D:3      | Reached XP level 6. HP: 23/56 MP: 3/3
  2261 | D:3      | Found a shadowy altar of Dithmenos.
  2476 | D:4      | Reached skill level 5 in Armour
  2536 | D:4      | Found a snail-covered altar of Cheibriados.
  2611 | D:4      | Reached skill level 6 in Shields
  2611 | D:4      | Reached XP level 7. HP: 33/62 MP: 2/3
  2665 | D:4      | Noticed Dowan
  2683 | D:4      | Killed Dowan
  2689 | D:4      | Noticed Duvessa
  2705 | D:4      | Slain by Duvessa

Action                   |  1- 3 |  4- 6 |  7- 9 || total
-------------------------+-------+-------+-------++-------
Melee: Long sword        |    89 |   153 |    30 ||   272
  Use: Scroll            |       |     5 |       ||     5
  Eat: Chunk             |       |     1 |     2 ||     3
       Pizza             |       |     1 |       ||     1
       Royal jelly       |       |     1 |       ||     1
